 Dungeon Crawl Stone Soup version 0.23.1-41-g7e51ed3 (webtiles) character file.

Game seed: 16555572514163926969

116 Borgoz the Bolt Thrower (level 5, -3/35 HPs)
             Began as a Kobold Hunter on Mar 29, 2019.
             Slain by a worker ant (6 damage)
             ... on level 3 of the Dungeon.
             The game lasted 00:02:27 (1185 turns).

Borgoz the Bolt Thrower (Kobold Hunter)             Turns: 1185, Time: 00:02:28

Health: -3/35      AC:  5    Str: 11    XL:     5   Next: 20%
Magic:  4/4        EV: 15    Int: 13    God:
Gold:   134        SH:  0    Dex: 16    Spells: 4/4 levels left

rFire    . . .     SeeInvis .   b - +0 short sword
rCold    . . .     Gourm    .   (shield restricted)
rNeg     . . .     Faith    .   c - +0 leather armour
rPois    .         Spirit   .   l - +0 helmet
rElec    .         Reflect  .   (no cloak)
rCorr    .         Harm     .   i - +0 pair of gloves
MR       .....                  (no boots)
Stlth    ++........             (no amulet)
HPRegen  0.11/turn              (no ring)
MPRegen  0.09/turn              (no ring)

@: lethally poisoned (-3 -> -8)
A: small, carnivore, low mp 2, robust 1, strong 1
a: no special abilities


You were on level 3 of the Dungeon.
You were completely stuffed.

You visited 1 branch of the dungeon, and saw 3 of its levels.

You collected 134 gold pieces.

Inventory:

Hand Weapons
 a - a +1 hand crossbow
 b - a +0 short sword (weapon)
Armour
 c - a +0 leather armour (worn)
 i - a +0 pair of gloves (worn)
 l - a +0 helmet (worn)
Scrolls
 g - a scroll of enchant armour {unknown}
 h - 4 scrolls of identify {unknown}
 k - a scroll of teleportation {unknown}
 p - a scroll of amnesia {unknown}
Potions
 j - a potion of curing
 m - a potion of haste {unknown}
 n - a potion of might {unknown}
Comestibles
 f - 3 rations
 o - 2 chunks of flesh


   Skills:
 + Level 3.0 Fighting
 + Level 2.2 Short Blades
 + Level 5.2 Crossbows
 + Level 1.1 Armour
 + Level 3.3 Dodging
 + Level 2.9 Stealth


You had 4 spell levels left.
You didn't know any spells.
Your spell library contained the following spells:

 Spells                   Type           Power        Failure   Level  Hunger
 Magic Dart               Conj           #...         38%         1    ##.....
 Blink                    Tloc           N/A          52%         2    ###....
 Call Imp                 Summ           #.......     52%         2    ###....
 Slow                     Hex            #.......     52%         2    ###....
 Conjure Flame            Conj/Fire      #.......     77%         3    ####...
 Mephitic Cloud           Conj/Pois/Air  #.......     77%         3    ####...


Dungeon Overview and Level Annotations

Branches:
Dungeon (3/15)

Altars:
Fedhas
Ru
Xom


Innate Abilities, Weirdness & Mutations

You are small and have problems with some larger weapons.
You are carnivorous and can eat meat at any time.
Your magical capacity is very low. (-20% MP)
You are robust. (+10% HP)
Your muscles are strong. (Str +2)


Message History

The worker ant barely misses you.
You closely miss the worker ant.
The worker ant is almost dead.
You feel sick.
The worker ant bites you but does no damage.
You hit the worker ant but do no damage.
The worker ant is almost dead.
You feel sick. The worker ant bites you.
* * * LOW HITPOINT WARNING * * *
You hit the worker ant.
The worker ant is almost dead.
The worker ant barely misses you.
Unknown command.
You hit the worker ant but do no damage.
The worker ant is almost dead.
* * * LOW HITPOINT WARNING * * *
You feel sick.
The orc wizard looks encouraged for a moment.
The worker ant bites you.
You die...

#..#.......##....
o................
.......(.........
.......(.........
.......<.......###
#...........#....##.
............#.......
##......ooo##.......
+........oa@.......
#.........###......
+........... .....
#####.....(.. ....
#......... ...
#......... #.
#......... ....?..


You could see a worker ant, an orc priest, an orc wizard and 2 orcs.

Vanquished Creatures
  5 adders
  3 oozes
  A worm (D:2)
  3 dart slugs
  A leopard gecko (D:2)
  2 giant cockroaches (D:1)
  9 hobgoblins
  3 kobolds
  A quokka (D:2)
  8 bats
  3 frilled lizards
  7 goblins
  3 rats
49 creatures vanquished.

Notes
Turn   | Place    | Note
-------+----------+-------------------------------------------
     0 | D:1      | Borgoz the Kobold Hunter began the quest for the Orb.
     0 | D:1      | Reached XP level 1. HP: 12/12 MP: 1/1
     7 | D:1      | Reached XP level 2. HP: 18/18 MP: 2/2
   146 | D:1      | Reached skill level 1 in Short Blades
   151 | D:1      | Reached XP level 3. HP: 22/22 MP: 3/3
   290 | D:1      | Reached skill level 5 in Crossbows
   557 | D:2      | Reached XP level 4. HP: 27/27 MP: 4/4
   573 | D:2      | Found a sacrificial altar of Ru.
   632 | D:2      | Found a shimmering altar of Xom.
   632 | D:2      | Found a blossoming altar of Fedhas.
   752 | D:2      | Reached skill level 1 in Armour
   935 | D:2      | Reached XP level 5. HP: 32/32 MP: 5/5
  1178 | D:3      | Gained mutation: Your magical capacity is low. (-10% MP)
                  | [potion of mutation]
  1178 | D:3      | Gained mutation: Your muscles are strong. (Str +2) [potion
                  | of mutation]
  1178 | D:3      | Gained mutation: Your magical capacity is very low. (-20%
                  | MP) [potion of mutation]
  1178 | D:3      | Gained mutation: You are robust. (+10% HP) [potion of
                  | mutation]
  1185 | D:3      | Slain by a worker ant

Skill      XL: |  1  2  3  4 |
---------------+-------------+-----
Short Blades   | 1 2 |  2.2
Stealth        | 2 |  2.9
Crossbows      | 5 |  5.2
Dodging        | 3 |  3.3
Armour         | 1 |  1.1
Fighting       | 3 |  3.0

Action                   |  1- 3 |  4- 6 || total
-------------------------+-------+-------++-------
Melee: Short sword       |       |    17 ||    17
 Fire: Hand crossbow     |    60 |    38 ||    98
  Use: Potion            |       |     2 ||     2
  Eat: Chunk             |     7 |     2 ||     9
Armor: Leather armour    |     2 |     3 ||     5
Dodge: Dodged            |     8 |    15 ||    23
